 Dungeon Crawl Stone Soup version 0.27-a0-1590-g15f69828bf (webtiles) character file.

Game seed: 1819966385789168574

6058 Aviak the Nimble (level 11, 0/81 HPs)
             Began as a Djinni Transmuter on July 17, 2021.
             Was a Believer of Makhleb.
             Slain by a cane toad (11 damage)
             ... while petrified by a basilisk
             ... on level 1 of the Lair of Beasts on July 18, 2021.
             The game lasted 00:24:35 (13768 turns).

Aviak the Nimble (Djinni Transmuter)               Turns: 13768, Time: 00:24:36

Health: 0/81       AC:  2    Str: 14 (15) XL:     11   Next: 11%
Gold:   478        EV:  5    Int: 18      God:    Makhleb [**....] SH:  0 Dex: 16 (19)

rFire    . . .     SeeInvis .     - Unarmed
rCold    . . .     Faith    .   (shield currently unavailable)
rNeg     + + +     Spirit   .   (armour currently unavailable)
rPois    ∞         Reflect  .   (helmet currently unavailable)
rElec    .         Harm     .   (cloak currently unavailable)
rCorr    .         Rampage  .   (gloves currently unavailable)
Will     +....     Clarity  +   (boots unavailable)
Stlth    +.........             (no amulet)
HPRegen  0.23/turn              O - ring of wizardry
MPRegen  0.00/turn              E - +6 ring of strength

@: spider-form, petrified, flying
A: venomous fangs, flying, sickness immunity, tiny, (fire resistance 2), (cold
vulnerability 1), float, innate caster, hp casting, extra vitality 1, clarity,
deterioration 1
a: End Transformation, Renounce Religion, Minor Destruction


You were on level 1 of the Lair of Beasts.
You worshipped Makhleb.
Makhleb was pleased with you.
You were a venomous arachnid creature.
You visited 2 branches of the dungeon, and saw 11 of its levels.
You visited the Abyss 1 time.

You collected 618 gold pieces.
You spent 140 gold pieces at shops.

Inventory:

Hand Weapons
 e - a +3 dagger of venom (melded)
 P - the +2 war axe of the Land of Plenty {freeze, rCorr Str+8 Dex+2}
   (You found it on level 1 of the Abyss)

   It freezes those it strikes, dealing additional cold damage.
   It can also slow down cold-blooded creatures.
   Str:       It affects your strength (+8).
   Dex:       It affects your dexterity (+2).
   rCorr:     It protects you from acid and corrosion.
Armour
 a - a +0 robe
 j - a +0 leather armour
 p - a +0 pair of gloves (melded)
 u - +1 acid dragon scales {rCorr}
 y - a +1 robe of willpower
 F - a +0 buckler (melded)
 L - a +2 robe of resistance (melded)
Jewellery
 w - a ring of resist corrosion
 E - a +6 ring of strength (right front leg)
 O - a ring of wizardry (left front leg)
 Z - a ring of see invisible
Wands
 g - a wand of flame (37)
 B - a wand of iceblast (8)
 J - a wand of polymorph (19)
Scrolls
 i - 5 scrolls of identify
 k - a scroll of torment {unknown}
 l - a scroll of enchant weapon {unknown}
 n - 2 scrolls of magic mapping {unknown}
 q - a scroll of acquirement {unknown}
 s - a scroll of silence {!r}
 t - a scroll of teleportation
 v - a scroll of noise {unknown}
 x - 2 scrolls of fog {unknown}
 A - 3 scrolls of fear {unknown}
 C - 2 scrolls of enchant armour
 G - 2 scrolls of amnesia {unknown}
 I - 2 scrolls of vulnerability {unknown}
 K - a scroll of immolation {unknown}
 M - a scroll of summoning {unknown}
Potions
 b - 3 potions of flight
 c - 4 potions of curing
 d - 3 potions of mutation {!q}
 f - 3 potions of attraction
 m - a potion of magic {unknown}
 o - 2 potions of haste {unknown}
 r - a potion of lignification {unknown}
 z - a potion of ambrosia {unknown}
 D - a potion of resistance
 H - a potion of might {unknown}
 N - a potion of brilliance {unknown}


   Skills:
 - Level 8.1 Fighting
 - Level 8.7 Dodging
 - Level 4.0 Shields
 - Level 5.2 Unarmed Combat
 + Level 7.0 Spellcasting
 + Level 3.8 Invocations


You couldn't memorise any spells.
You knew the following spells:

 Your Spells              Type           Power      Damage    Failure   Level
a - Beastly Appendage     Tmut           62%        N/A       1%          1
b - Wereblood             Tmut           31%        N/A       1%          2
c - Spider Form           Tmut/Pois      15%        N/A       3%          3
d - Ice Form              Ice/Tmut       31%        N/A       7%          4
e - Sting                 Tmut/Pois      100%       1d8       1%          1
f - Passwall              Tmut/Erth      25%        N/A       1%          2
g - Blink                 Tloc           N/A        N/A       1%          2
h - Hailstorm             Conj/Ice       31%        3d8       7%          4
i - Agony                 Necr           31%        N/A       14%         5
Your spell library was empty.

Dungeon Overview and Level Annotations

Branches:
Dungeon (10/15)            Temple (0/1) D:4            Lair (1/6) D:10
    Orc: D:9-12

Altars:
Dithmenos
Elyvilon
Fedhas
Gozag
Kikubaaqudgha
Makhleb
Trog
Wu Jian
Xom
The Shining One

Shops:
D:2 (   D:4 !

Annotations:
D:8 2 transporters, orehx's ghost, novice OpCj
D:10 Sonja


Innate Abilities, Weirdness & Mutations

You are a venomous arachnid creature.
You have poisonous fangs.
You are tiny and dextrous.
You are flying.
Your spellcasting is less reliable in this form.
Your armour is entirely melded.
You are incapable of wielding weapons or throwing items.
You are immune to sickness and miasma.
You are immune to poison.
((Your flesh is very heat resistant. (rF++)))
((You are vulnerable to cold. (rC-)))
You float through the air rather than walking.
You learn spells naturally, not from books.
Your magical power is your life essence.
You have superior vitality. (+4 HP)
You possess an exceptional clarity of mind.
Your body sometimes deteriorates upon taking damage.


Message History

The basilisk is heavily wounded.
The cane toad completely misses you.
You hit the cane toad but do no damage. The basilisk gazes at you.
You easily resist.
The cane toad closely misses you.
You hit the cane toad.
The cane toad is lightly wounded.
The cane toad stings you. The basilisk bites you!
You hit the cane toad but do no damage.
The cane toad is lightly wounded.
The cane toad closely misses you. The basilisk completely misses you.
You hit the cane toad.
The cane toad is moderately wounded.
The cane toad stings you! The basilisk barely misses you.
You hit the cane toad.
The cane toad is moderately wounded.
The cane toad stings you!!
* * * LOW HITPOINT WARNING * * *
Your body deteriorates!
You feel clumsy. The basilisk gazes at you.
You are slowing down.
You barely miss the basilisk.
The basilisk is almost dead.
You kill the basilisk!
Makhleb accepts your kill.
You feel better. The cane toad closely misses you. The cane toad stings you!!
* * * LOW HITPOINT WARNING * * *
Your limbs are stiffening.
You feel your strength returning.
Unknown command.
Unknown command.
Unknown command.
You feel much better. The cane toad barely misses you.
The cane toad stings you!
You have turned to stone.
The cane toad stings you!!
* * * LOW HITPOINT WARNING * * *
The cane toad stings you!!
* * * LOW HITPOINT WARNING * * *
The cane toad stings you!!
You die...

.......................
.......................
.............^..<.....
.##....#P##.#####.###
#.....###### # ##....#
#....# #....# #.s..#
#..†F..# ##....##
#....# ...... ........
.......... ...........


You could see a cane toad.

Vanquished Creatures
  A two-headed ogre (D:9)
  A gargoyle (D:7)
  A komodo dragon (D:7)
  A hornet (D:10)
  A basilisk (Lair:1)
  A neqoxec (Abyss:1)
  2 steam dragons
  An acid dragon (D:4)
  2 water moccasins
  Duvessa (D:4)
  A sky beast (D:8)
  2 orc warriors
  A necrophage (D:7)
  3 black bears
  3 ogres
  6 centaurs
  3 phantoms
  A bullfrog (D:9)
  2 kobold brigands
  A gnoll sergeant (D:6)
  Dowan (D:4)
  3 scorpions
  11 killer bees (D:8)
  9 wights
  3 howler monkeys (D:9)
  3 orc priests
  2 hounds
  A gnoll shaman (D:4)
  A centaur skeleton (D:6)
  Terence (D:3)
  4 iguanas
  5 orc wizards
  A howler monkey zombie (D:7)
  7 adders
  10 gnolls
  A shadow imp (D:6)
  A white imp (D:7)
  An ufetubus (Abyss:1)
  5 dart slugs
  A worm (D:2)
  14 orcs
  6 endoplasms
  3 giant cockroaches (D:2)
  7 goblins
  9 hobgoblins
  6 jackals
  6 quokkas
  4 ball pythons (D:2)
  7 bats
  6 frilled lizards
  13 kobolds
  4 rats
191 creatures vanquished.

Notes
Turn   | Place    | Note
-------+----------+-------------------------------------------
     0 | D:1      | Aviak the Djinni Transmuter began the quest for the Orb.
     0 | D:1      | Reached XP level 1. HP: 17/17 MP: 0/0
   287 | D:1      | Reached XP level 2. HP: 17/22 MP: 0/0
   671 | D:1      | Found a faded altar of an unknown god.
   932 | D:1      | Reached XP level 3. HP: 26/27 MP: 0/0
   932 | D:1      | Learned a level 1 spell: Sting
  1700 | D:2      | Reached XP level 4. HP: 13/33 MP: 0/0
  2093 | D:2      | Found Moyneuxo's Weapon Boutique.
  3007 | D:3      | Reached XP level 5. HP: 34/39 MP: 0/0
  3007 | D:3      | Learned a level 2 spell: Passwall
  3061 | D:3      | Noticed Terence
  3079 | D:3      | Killed Terence
  4154 | D:4      | Found Nosaed's Distillery.
  4166 | D:4      | Bought 2 potions of heal wounds for 140 gold pieces
  4248 | D:4      | Noticed a black bear
  4258 | D:4      | Killed a black bear
  4259 | D:4      | Reached XP level 6. HP: 16/46 MP: 0/0
  4514 | D:4      | Noticed an acid dragon
  4515 | D:4      | Found a burning altar of Makhleb.
  4527 | D:4      | Killed an acid dragon
  4528 | D:4      | Reached XP level 7. HP: 32/51 MP: 0/0
  4528 | D:4      | Learned a level 2 spell: Blink
  4619 | D:4      | Reached skill level 5 in Dodging
  4830 | D:4      | Became a worshipper of Makhleb the Destroyer
  5009 | D:4      | Found a staircase to the Ecumenical Temple.
  5189 | D:4      | Noticed Duvessa
  5189 | D:4      | Noticed Dowan
  5193 | D:4      | Upgraded the game from 0.27-a0-1579-g97d2440184 to
                  | 0.27-a0-1590-g15f69828bf
  5218 | D:4      | Killed Duvessa
  5219 | D:4      | Reached XP level 8. HP: 29/58 MP: 0/0
  5232 | D:4      | Killed Dowan
  5571 | D:4      | Found a shadowy altar of Dithmenos.
  5594 | D:5      | Entered Level 5 of the Dungeon
  5652 | D:5      | Gained mutation: Your spells are a little harder to cast,
                  | but a little more powerful. [potion of mutation]
  5652 | D:5      | Gained mutation: Your body sometimes deteriorates upon
                  | taking damage. [potion of mutation]
  5652 | D:5      | Gained mutation: You possess an exceptional clarity of
                  | mind. [potion of mutation]
  5658 | D:5      | Reached skill level 5 in Fighting
  5870 | D:5      | Found a white marble altar of Elyvilon.
  6535 | D:5      | Found an ornate altar of the Wu Jian Council.
  7621 | D:6      | Reached XP level 9. HP: 36/66 MP: 0/0
  7621 | D:6      | Learned a level 4 spell: Hailstorm
  7630 | D:6      | HP: 3/66 [steam dragon] (6)]
  7632 | D:6      | Reached skill level 5 in Spellcasting
  8621 | D:7      | Found a blossoming altar of Fedhas.
  8640 | D:7      | Found a glowing golden altar of the Shining One.
  8643 | D:7      | Noticed a gargoyle
  8655 | D:7      | Killed a gargoyle
  9209 | D:7      | Reached * piety under Makhleb
  9502 | D:7      | Reached XP level 10. HP: 56/75 MP: 0/0
 10074 | D:7      | Noticed a komodo dragon
 10090 | D:7      | Reached skill level 5 in Unarmed Combat
 10148 | D:7      | Killed a komodo dragon
 10766 | D:8      | Reached skill level 1 in Shields
 11354 | D:8      | Reached ** piety under Makhleb
 11651 | D:8      | Found a shimmering altar of Xom.
 11651 | D:8      | Found a shimmering altar of Xom.
 11651 | D:8      | Found a shimmering altar of Xom.
 11658 | D:8      | Found a bloodstained altar of Trog.
 11658 | D:8      | Noticed orehx's ghost (novice OpCj)
 11677 | D:8      | Found a transporter.
 11682 | D:8      | Found a transporter.
 11701 | D:8      | Noticed a moth of wrath
 11879 | D:8      | Noticed a salamander
 11880 | D:8      | Found a shimmering altar of Xom.
 11880 | D:8      | Noticed a death drake
 11948 | D:9      | Noticed a two-headed ogre
 11981 | D:9      | Found an opulent altar of Gozag.
 12031 | D:9      | Killed a two-headed ogre
 12970 | D:9      | Reached XP level 11. HP: 76/81 MP: 0/0
 12970 | D:9      | Learned a level 5 spell: Agony
 13404 | D:10     | Entered Level 10 of the Dungeon
 13443 | D:10     | Noticed Sonja
 13487 | D:10     | Found a staircase to the Lair.
 13530 | D:10     | Cast into level 1 of the Abyss (Sonja)
 13544 | Abyss:1  | Identified the +2 war axe of the Land of Plenty {freeze,
                  | rCorr Str+8 Dex+2}
 13612 | Abyss:1  | Lost mutation: Your spells are a little harder to cast, but
                  | a little more powerful. [a neqoxec]
 13628 | Abyss:1  | Found a corrupted altar of Lugonu.
 13651 | Abyss:1  | Found a corrupted altar of Lugonu.
 13679 | Abyss:1  | Noticed a large abomination
 13686 | D:10     | Escaped the Abyss
 13705 | Lair:1   | Entered Level 1 of the Lair of Beasts
 13768 | Lair:1   | Slain by a cane toad

Illustrated notes

Levels and vault maps discovered:
D:1:      eino_arrival_druids_welcome, layout_basic,
          shapermc_ecumenical_altar_starsandcircs
D:2:      layout_basic, serial_shops, shop, minmay_3d_cube
D:3:      layout_basic, uniq_terence
D:4:      layout_loops_ring, general_overflow_altar,
          mainiacjoe_overflow_tiny_flanked, minmay_temple_entry_grid,
          serial_shops, nicolae_shop_statue_plus, uniq_duvessa
D:5:      layout_basic, amcnicky_altar_gilded,
          nicolae_wu_jian_immortal_techniques, chequers_avenue, minivault_14
D:6:      layout_basic, kennysheep_generic_room_6
D:7:      minmay_chambers_of_fours, layout_loops_corners,
          mainiacjoe_overflow_brackets, grunt_temple_overflow_growth_and_decay,
          corexii_hall_statues_deadend
D:8:      layout_rooms, xom_shifter_show, gammafunk_ghost_wrathful_warriors
D:9:      layout_big_octagon, nicolae_gozag_seed_capital
D:10:     layout_rooms, nicolae_overflow_hidden_temple, lair_entry_dummy,
          uniq_sonja
Lair:1:   layout_long_grid

Skill      XL: |  1  2  3  4  5  6  7  8  9 10 11 |
---------------+----------------------------------+-----
Spellcasting   | 2 3 4 5 6 7 |  7.0
Fighting       | 2 3 4 6 7 8 |  8.1
Dodging        | 3 4 5 7 8 |  8.7
Unarmed Combat | 4 5 |  5.2
Shields        | 3 4 |  4.0
Invocations    | 2 3 |  3.8

Action                   |  1- 3 |  4- 6 |  7- 9 | 10-12 || total
-------------------------+-------+-------+-------+-------++-------
Melee: Unarmed           |    15 |       |   176 |   167 ||   358
       Dagger            |    84 |   133 |   152 |    39 ||   408
       Headbutt          |     6 |     6 |     1 |       ||    13
       Punch             |     2 |       |     1 |       ||     3
 Cast: Beastly Appendage |     6 |     8 |     2 |       ||    16
       Sting             |       |     2 |     5 |       ||     7
       Spider Form       |       |       |    18 |    17 ||    35
       Wereblood         |       |       |     1 |     1 ||     2
       Hailstorm         |       |       |     2 |     9 ||    11
       Ice Form          |       |       |     1 |     2 ||     3
       Agony             |       |       |       |     1 ||     1
Evoke: Wand              |       |       |     2 |     5 ||     7
  Use: Potion            |       |     2 |     8 |     3 ||    13
       Scroll            |       |       |     1 |     3 ||     4
 Stab: Sleeping          |     1 |       |       |       ||     1
Armor: Leather armour    |    28 |    22 |     2 |       ||    52
       Robe              |     1 |       |       |     6 ||     7
       Acid dragon scale |       |       |    47 |     6 ||    53
       Skin              |       |       |     8 |     9 ||    17
Dodge: Dodged            |    68 |    85 |   314 |   248 ||   715
Block: Buckler           |       |       |       |     5 ||     5

Table legend: (Time is in decaauts)
 A = Elapsed time spent in this place.
 B = Non-inter-level travel time spent in this place.
 C = Inter-level travel time spent in this place.
 D = Time resting spent in this place.
 E = Time spent auto-exploring this place.
 F = Levels seen in this place.
 G = Mean time per level.
                   A        B        C        D        E       F      G
               +--------+--------+--------+--------+--------+-----+--------+
         Total |  13754 |  13367 |    387 |   2092 |   9208 |  12 | 1146.2 |
       Dungeon |  13536 |  13149 |    387 |   2092 |   9176 |  10 | 1353.6 |
          Lair |     62 |     62 |      0 |      0 |     32 |   1 |   62.0 |
         Abyss |    155 |    155 |      0 |      0 |      0 |   1 |  155.0 |
               +--------+--------+--------+--------+--------+-----+--------+

Top non-repeatable levels by time:
     D:7: 2347 daAuts
     D:8: 1946 daAuts
     D:2: 1821 daAuts
     D:5: 1666 daAuts
     D:4: 1441 daAuts
     D:3: 1240 daAuts
     D:6: 1108 daAuts
     D:1: 1086 daAuts
     D:9: 760 daAuts
 Abyss:1: 155 daAuts
    D:10: 116 daAuts
  Lair:1: 62 daAuts
